Map: [ESL] Hard Lead

Players

ShoWTimE

  • Race: Protoss Protoss
  • League: Master
  • Spawn Location: 11:00

Reynor - Winner!

  • Race: Zerg Zerg
  • League: Master
  • Spawn Location: 5:00

Event: HomeStory Cup XXIV

VOD

Have the link to the VOD?

Description

Time

  • Played on: Dec. 3, 2023, 10:56 a.m.
  • Length: 43:27

All games in this series

Show
View Real Time Build Order
Export as new Build Order

ShoWTimE Protoss 

Build Orders: 1 Gate Expand, Oracle Opening, Archon Immortal, Carriers 

Get SALT Encoding   

  12  0:00  Probe  
  13  0:12  Probe  
  14  0:20  Pylon  
  14  0:24  Probe  
  15  0:38  Probe (Chrono Boost)  
  15  0:40  Gateway  
  16  0:47  Probe (Chrono Boost)  
  16  0:49  Assimilator  
  17  0:52  Probe (Chrono Boost)  
  18  1:04  Probe  
  19  1:16  Probe  
  20  1:25  Nexus  
  20  1:35  Cybernetics Core  
  20  1:38  Probe  
  21  1:44  Assimilator  
  21  1:50  Probe  
  21  1:52  Pylon  
  22  2:02  Probe  
  22  2:08  Adept (Chrono Boost)  
  23  2:14  Probe  
  26  2:22  Stargate  
  26  2:26  Probe (Chrono Boost)  
  26  2:29  Adept (Chrono Boost)  
  29  2:37  Probe (Chrono Boost)  
  29  2:39  Warp Gate  
  31  2:44  Probe (Chrono Boost)  
  31  2:47  Probe (Chrono Boost)  
  31  2:51  Probe (Chrono Boost), Adept  
  33  2:52  Probe (Chrono Boost)  
  36  3:01  Pylon  
  36  3:02  Probe  
  36  3:04  Probe  
  38  3:07  Oracle (Chrono Boost)  
  41  3:14  Probe  
  41  3:16  Probe  
  43  3:21  Adept  
  43  3:25  Gateway  
  43  3:26  Probe  
  46  3:28  Probe  
  46  3:30  Pylon  
  47  3:39  Oracle (Chrono Boost)  
  47  3:41  Probe x2  
  52  3:53  Probe x2  
  54  3:59  Nexus  
  54  4:01  Pylon  
  54  4:05  Probe  
  54  4:06  Probe  
  54  4:07  Oracle (Chrono Boost)  
  53  4:19  Probe x2  
  55  4:24  Assimilator  
  55  4:26  Assimilator  
  55  4:29  Adept  
  55  4:30  Adept  
  59  4:31  Probe  
  59  4:32  Probe  
  59  4:35  Pylon  
  61  4:41  Pylon  
  61  4:43  Probe  
  61  4:44  Robotics Facility, Probe  
  63  4:52  Adept x2  
  67  4:56  Probe x2  
  65  5:08  Probe x2  
  65  5:10  Gateway, Probe  
  65  5:12  Gateway  
  68  5:14  Sentry x2  
  68  5:20  Probe x2  
  74  5:22  Probe  
  74  5:23  Forge  
  74  5:25  Shield Battery  
  75  5:32  Probe (Chrono Boost)  
  75  5:33  Probe (Chrono Boost)  
  78  5:37  Probe (Chrono Boost)  
  78  5:40  Immortal (Chrono Boost), Stalker  
  80  5:44  Probe (Chrono Boost)  
  87  5:50  Probe (Chrono Boost), Pylon  
  87  5:51  Assimilator, Probe (Chrono Boost)  
  87  5:52  Assimilator, Probe (Chrono Boost)  
  87  5:53  Protoss Ground Weapons Level 1 (Chrono Boost)  
  87  5:56  Probe (Chrono Boost)  
  89  5:58  Probe  
  89  5:59  Probe  
  89  6:01  Twilight Council  
  91  6:08  Probe  
  91  6:10  Probe  
  91  6:11  Sentry, Probe  
  94  6:12  Stalker x2  
  94  6:15  Photon Cannon  
  94  6:17  Immortal (Chrono Boost)  
  104  6:28  Photon Cannon  
  104  6:29  Pylon  
  104  6:32  Zealot  
  106  6:37  Charge  
  106  6:46  Zealot  
  106  6:49  Observer, Templar Archives  
  105  6:59  Pylon  
  105  7:01  Nexus  
  105  7:02  Shield Battery  
  105  7:03  Pylon  
  105  7:07  Pylon  
  105  7:08  Probe x3  
  107  7:10  Pylon  
  107  7:12  Pylon  
  107  7:15  Phoenix (Chrono Boost)  
  110  7:20  Photon Cannon x2  
  111  7:23  Observer  
  111  7:24  Probe  
  111  7:25  Probe  
  111  7:26  High Templar x4  
  121  7:30  Archon x2  
  121  7:31  Probe  
  121  7:32  Gateway  
  121  7:34  Gateway  
  121  7:35  Gateway  
  121  7:37  Gateway, Probe x2  
  123  7:38  Phoenix (Chrono Boost)  
  123  7:42  Photon Cannon  
  123  7:43  Probe  
  127  7:46  Photon Cannon  
  127  7:48  Shield Battery  
  127  7:50  Immortal (Chrono Boost)  
  128  7:59  Phoenix  
  128  8:00  Protoss Ground Weapons Level 2  
  130  8:06  Zealot x4  
  130  8:09  Probe x3  
  141  8:14  Probe  
  141  8:15  Assimilator  
  141  8:17  Assimilator  
  142  8:21  Probe  
  142  8:22  Probe  
  142  8:24  Gateway  
  142  8:26  Gateway  
  142  8:27  Probe  
  144  8:28  Immortal (Chrono Boost)  
  148  8:46  High Templar x4  
  148  8:47  Gateway  
  156  8:48  Gateway  
  156  8:50  Archon x2  
  156  8:55  Probe  
  157  8:57  Photon Cannon  
  157  9:00  Photon Cannon  
  157  9:04  Photon Cannon  
  157  9:05  Photon Cannon  
  155  9:15  Psionic Storm  
  153  9:17  Fleet Beacon  
  153  9:19  Stargate  
  153  9:20  Shield Battery  
  153  9:22  Stargate, Pylon  
  153  9:23  Protoss Air Weapons Level 1 (Chrono Boost)  
  155  9:24  Phoenix (Chrono Boost)  
  155  9:29  Stalker x3  
  155  9:30  Stalker  
  163  9:33  Shield Battery  
  163  9:35  Stalker x2  
  163  9:38  Observer  
  160  9:45  Pylon  
  160  9:46  Phoenix (Chrono Boost)  
  162  9:57  Stalker x3  
  162  9:58  Stalker x2  
  162  10:01  Anion Pulse-Crystals (Chrono Boost), Probe (Chrono Boost)  
  162  10:02  Probe x2 (Chrono Boost)  
  162  10:03  Probe (Chrono Boost)  
  157  10:13  Probe (Chrono Boost)  
  160  10:16  Zealot x2  
  160  10:19  Probe x2 (Chrono Boost), Phoenix x2  
  160  10:20  Probe (Chrono Boost)  
  167  10:21  Probe (Chrono Boost)  
  167  10:22  Phoenix  
  167  10:24  Zealot x3  
  167  10:27  Probe (Chrono Boost)  
  157  10:28  Probe (Chrono Boost)  
  157  10:30  Probe (Chrono Boost)  
  153  10:36  Probe (Chrono Boost)  
  153  10:39  High Templar x2  
  153  10:42  Probe x2 (Chrono Boost)  
  158  10:43  Archon  
  158  10:45  Probe x2 (Chrono Boost)  
  158  10:46  Probe (Chrono Boost)  
  158  10:49  Probe  
  161  10:53  Observer  
  161  10:54  Probe, Phoenix  
  161  10:56  Phoenix  
  163  10:57  Probe  
  163  11:00  Phoenix  
  164  11:04  Probe  
  164  11:06  Zealot x3  
  164  11:08  Probe  
  170  11:19  Phoenix  
  170  11:21  Zealot x4  
  180  11:27  Phoenix  
  180  11:35  Pylon x2  
  180  11:39  Protoss Ground Weapons Level 3 (Chrono Boost), Pylon  
  180  11:52  Phoenix  
  182  11:54  High Templar  
  182  11:55  High Templar x2  
  182  11:59  Archon  
  178  12:05  Stalker  
  178  12:06  Stalker x3  
  155  12:23  Zealot x5  
  155  12:27  High Templar x3  
  168  12:33  Probe x2  
  168  12:34  Probe x2  
  172  12:45  Probe  
  172  12:46  Probe x3  
  172  12:47  High Templar x2  
  172  12:51  Archon  
  180  12:54  Zealot x7  
  180  12:58  Probe x3  
  197  13:01  Zealot  
  195  13:07  High Templar  
  195  13:08  High Templar  
  195  13:09  Probe  
  195  13:11  Archon  
  199  13:31  High Templar x3  
  199  13:32  High Templar  
  193  13:36  Archon  
  193  13:37  Archon  
  181  13:43  Carrier (Chrono Boost)  
  181  13:44  Nexus  
  181  13:47  Protoss Air Weapons Level 2 (Chrono Boost)  
  187  13:49  Zealot x2  
  187  13:51  Zealot x4  
  199  13:56  Pylon  
  199  13:58  Pylon  
  197  14:21  Photon Cannon  
  197  14:23  Photon Cannon  
  197  14:25  Photon Cannon  
  197  14:27  Nexus, Photon Cannon  
  197  14:29  Photon Cannon  
  197  14:32  Photon Cannon  
  197  14:34  Photon Cannon  
  197  14:37  Assimilator  
  191  14:38  Assimilator  
  191  14:39  Carrier  
  191  14:42  Zealot  
  199  14:50  Nexus  
  197  15:13  Carrier (Chrono Boost)  
  193  15:30  Photon Cannon, Shield Battery  
  195  15:36  Mothership (Chrono Boost)  
  195  15:40  Zealot x6  
  199  15:54  Zealot x2  
  199  15:55  Zealot x4  
  197  15:59  Carrier (Chrono Boost)  
  192  16:18  Zealot x6  
  192  16:20  Zealot x3  
  192  16:21  Zealot x2  
  192  16:25  Observer  
  178  16:31  Carrier (Chrono Boost)  
  178  16:32  High Templar  
  192  16:41  Carrier (Chrono Boost), Zealot x2  
  192  16:43  Photon Cannon  
  192  16:44  Photon Cannon  
  192  16:46  Photon Cannon  
  188  16:48  Shield Battery  
  188  16:50  Photon Cannon  
  188  16:51  Protoss Air Weapons Level 3 (Chrono Boost)  
  188  16:53  High Templar x4, Photon Cannon  
  196  16:59  High Templar x2  
  200  17:02  Protoss Shields Level 1  
  200  17:03  Archon  
  200  17:09  Photon Cannon  
  200  17:11  Photon Cannon  
  198  17:19  Zealot x4  
  198  17:22  High Templar x2  
  174  17:26  Archon  
  174  17:28  High Templar x4  
  182  17:32  Archon x2  
  166  17:47  Observer, High Templar x4  
  166  17:49  Zealot  
  165  17:51  Archon  
  165  17:52  Archon  
  165  17:55  High Templar  
  165  17:56  High Templar  
  169  18:00  Archon  
  169  18:01  Zealot x4  
  169  18:02  Zealot  
  175  18:40  Pylon  
  175  18:41  Nexus  
  167  18:52  High Templar x5  
  167  18:53  High Templar  
  179  18:57  Archon x3  
  157  19:27  High Templar  
  157  19:28  High Templar, Zealot x6  
  173  19:32  Archon  
  173  19:33  Photon Cannon  
  173  19:35  Immortal (Chrono Boost)  
  173  19:36  Photon Cannon  
  177  19:50  Carrier (Chrono Boost), Photon Cannon  
  186  19:57  Photon Cannon  
  186  19:58  Carrier (Chrono Boost), Photon Cannon  
  176  20:08  Observer  
  176  20:11  Zealot x3  
  171  20:23  Carrier (Chrono Boost)  
  177  20:31  Assimilator  
  177  20:33  Assimilator  
  177  20:51  Pylon  
  182  21:00  Zealot x5  
  182  21:02  Carrier (Chrono Boost)  
  189  21:23  Pylon  
  189  21:29  Oracle  
  189  21:39  Zealot x3  
  190  21:54  Nexus, Shield Battery  
  190  21:56  Pylon  
  190  21:58  Shield Battery  
  190  22:08  Pylon  
  190  22:09  Observer  
  190  22:10  Protoss Ground Armor Level 1 (Chrono Boost)  
  190  22:18  Zealot x3  
  190  22:22  Protoss Air Armor Level 1 (Chrono Boost)  
  196  22:26  Zealot x2  
  174  22:40  Probe x3  
  174  22:41  Probe  
  170  22:50  Zealot  
  177  22:55  Tempest  
  177  23:01  Observer (Chrono Boost)  
  177  23:02  High Templar x3  
  177  23:03  High Templar  
  186  23:07  Archon  
  184  23:13  Zealot x4  
  184  23:16  Archon  
  175  23:38  High Templar x2  
  175  23:39  Zealot x6  
  161  23:43  Archon  
  164  24:00  Tempest x2  
  166  24:10  Zealot x4  
  166  24:11  Zealot x2  
  166  24:15  Zealot  
  178  24:24  High Templar  
  173  24:32  High Templar  
  173  24:33  Zealot x3  
  171  24:38  Archon  
  171  24:40  High Templar  
  173  24:57  Tempest (Chrono Boost)  
  173  25:02  Zealot x3  
  184  25:21  High Templar  
  184  25:27  Observer  
  184  25:41  Nexus  
  184  25:44  Tempest (Chrono Boost)  
  193  26:08  Tempest (Chrono Boost)  
  193  26:13  Oracle (Chrono Boost)  
  196  26:23  Nexus, Pylon  
  194  26:36  Observer  
  186  26:41  Observer  
  180  26:48  Observer, High Templar  
  180  26:49  High Templar  
  180  26:53  Archon  
  180  26:55  Shield Battery  
  180  26:57  Shield Battery  
  180  26:58  Shield Battery  
  180  26:59  Shield Battery  
  180  27:05  Shield Battery  
  176  27:31  Oracle (Chrono Boost)  
  176  27:34  Nexus  
  149  27:54  Pylon  
  149  27:55  High Templar x2  
  153  28:00  Archon  
  153  28:28  Shield Battery  
  153  28:30  Shield Battery  
  153  28:31  Shield Battery  
  153  28:33  Pylon  
  153  28:42  Zealot  
  155  28:49  Shield Battery  
  155  29:04  Photon Cannon  
  153  29:10  Assimilator  
  153  29:12  Assimilator  
  148  29:40  Carrier  
  148  29:41  Carrier  
  151  29:59  Zealot  
  153  30:06  Zealot x2  
  151  30:56  Photon Cannon  
  151  30:58  Photon Cannon  
  151  31:00  Photon Cannon  
  157  31:06  Mothership (Chrono Boost)  
  157  31:08  Photon Cannon  
  157  31:11  Photon Cannon  
  155  31:27  Observer  
  155  31:36  Zealot x5  
  157  32:14  Zealot x3  
  163  32:19  Probe  
  164  32:35  Pylon  
  164  32:37  Pylon  
  164  32:39  Pylon  
  164  32:40  Pylon  
  164  32:42  Pylon  
  141  33:16  Zealot x6  
  145  33:24  Carrier (Chrono Boost)  
  151  33:28  Photon Cannon  
  154  33:34  Oracle (Chrono Boost)  
  154  33:38  High Templar x2  
  158  33:42  Archon  
  158  33:44  High Templar x2  
  162  33:48  Archon  
  162  33:54  Zealot  
  159  34:19  Carrier (Chrono Boost)  
  145  34:45  Carrier (Chrono Boost)  
  139  35:07  Zealot x3  
  145  35:34  Carrier (Chrono Boost)  
  151  35:57  Tempest (Chrono Boost)  
  156  36:29  Zealot x4  
  162  37:02  Pylon  
  162  37:04  Pylon  
  162  37:17  Tempest (Chrono Boost)  
  172  37:59  Tempest (Chrono Boost)  
  172  39:25  Tempest  
  177  39:48  Unknown  
  181  39:54  Void Ray  
  181  40:13  Tempest  
  112  40:45  Cybernetics Core  
  62  41:09  High Templar x2  
  55  41:12  Observer x2  
  55  41:16  High Templar x2  
  55  41:27  Zealot  
  57  41:45  Zealot x5  
  67  42:04  High Templar x2  
  67  42:05  Zealot x2  
  75  42:08  Archon  
  75  42:13  Stalker  
Show
View Real Time Build Order
Export as new Build Order

Reynor Zerg - Winner!

Build Orders: Hatch First, Lurkers 

Get SALT Encoding   

  12  0:00  Drone  
  13  0:12  Overlord  
  13  0:16  Drone  
  14  0:30  Drone x2  
  16  0:43  Drone  
  17  0:50  Hatchery  
  17  0:54  Drone  
  17  0:57  Drone  
  18  1:07  Extractor  
  17  1:12  Spawning Pool  
  17  1:15  Drone  
  17  1:19  Drone  
  18  1:27  Drone  
  19  1:38  Drone  
  20  1:48  Overlord  
  20  1:58  Queen  
  22  2:02  Queen  
  22  2:03  Drone x2  
  26  2:12  Zergling x2, Metabolic Boost  
  26  2:13  Zergling x2  
  28  2:21  Drone  
  29  2:23  Drone  
  30  2:32  Drone  
  30  2:34  Drone  
  32  2:38  Queen  
  32  2:43  Zergling x2  
  34  2:52  Overlord, Hatchery  
  34  2:56  Zergling x2  
  34  2:57  Zergling x2  
  35  3:09  Overlord  
  35  3:10  Drone x2, Queen  
  35  3:12  Drone  
  40  3:17  Drone x2  
  42  3:24  Drone  
  43  3:27  Queen  
  43  3:28  Drone  
  43  3:31  Drone  
  47  3:36  Overlord  
  47  3:39  Zergling x6  
  47  3:40  Drone  
  51  3:46  Overlord  
  51  3:54  Drone  
  51  3:55  Drone x2  
  54  3:58  Spore Crawler, Queen  
  54  4:00  Drone  
  54  4:02  Drone  
  57  4:03  Drone  
  58  4:10  Drone x2  
  58  4:13  Drone x2  
  58  4:16  Drone x3  
  58  4:17  Drone x2  
  66  4:22  Spore Crawler  
  66  4:23  Overlord  
  65  4:25  Drone  
  65  4:27  Drone  
  64  4:32  Queen  
  66  4:39  Drone  
  66  4:40  Spore Crawler  
  66  4:41  Drone x2  
  66  4:45  Drone x2  
  69  4:49  Zergling x2  
  71  4:53  Zergling x4  
  71  4:54  Drone x2, Hatchery  
  71  4:59  Zergling x2  
  74  5:00  Drone  
  74  5:04  Drone x2  
  74  5:05  Drone x2  
  72  5:07  Drone  
  72  5:09  Drone x3  
  72  5:12  Drone  
  72  5:13  Lair  
  77  5:17  Drone  
  77  5:20  Drone, Evolution Chamber  
  78  5:22  Drone x2  
  78  5:23  Drone  
  78  5:24  Extractor  
  78  5:26  Overlord  
  80  5:34  Zergling x4  
  80  5:35  Overlord  
  81  5:38  Zergling x4  
  81  5:42  Overlord  
  82  5:44  Overlord  
  82  5:45  Drone  
  82  5:46  Drone x3  
  82  5:47  Queen  
  82  5:48  Extractor, Evolution Chamber  
  82  5:49  Extractor, Drone  
  86  5:50  Zerg Melee Weapons Level 1  
  86  5:51  Extractor, Drone  
  86  5:52  Drone x2  
  86  5:53  Drone  
  86  5:54  Drone  
  90  5:57  Extractor  
  90  6:01  Drone x3  
  92  6:05  Drone x2  
  92  6:10  Roach Warren  
  91  6:13  Drone x2  
  91  6:15  Overlord  
  91  6:16  Drone x3  
  91  6:17  Spire  
  96  6:19  Drone x3  
  96  6:20  Queen  
  96  6:21  Drone  
  96  6:22  Drone  
  96  6:24  Drone  
  104  6:26  Overseer  
  104  6:27  Overlord  
  104  6:30  Zergling x6  
  104  6:31  Zergling x2  
  107  6:33  Drone  
  107  6:34  Spore Crawler  
  107  6:37  Drone  
  107  6:38  Drone  
  107  6:42  Overlord  
  107  6:45  Drone x4  
  109  6:48  Drone  
  109  6:49  Drone x3, Extractor  
  109  6:50  Extractor  
  110  7:00  Baneling Nest  
  109  7:03  Drone x3  
  109  7:05  Overlord  
  112  7:14  Overlord  
  110  7:16  Zergling x12  
  110  7:21  Zergling x22  
  125  7:29  Overlord  
  125  7:30  Mutalisk x5  
  125  7:33  Mutalisk  
  137  7:37  Mutalisk, Hatchery  
  137  7:42  Overlord  
  137  7:43  Mutalisk x4  
  146  7:46  Zerg Flyer Weapons Level 1  
  146  7:51  Mutalisk x4  
  154  8:00  Mutalisk x2  
  154  8:04  Overlord  
  158  8:06  Drone x5  
  158  8:11  Mutalisk x2  
  166  8:15  Overlord  
  166  8:17  Mutalisk  
  166  8:19  Extractor  
  167  8:20  Extractor, Overlord  
  167  8:23  Mutalisk x2  
  166  8:38  Mutalisk x3  
  166  8:43  Mutalisk  
  166  8:45  Zergling x32  
  182  8:48  Mutalisk  
  182  8:52  Overlord  
  184  8:58  Mutalisk x2  
  187  9:04  Zergling x2  
  187  9:05  Zergling x12  
  187  9:07  Zerg Melee Weapons Level 2  
  187  9:08  Centrifugal Hooks  
  191  9:16  Mutalisk x2  
  195  9:20  Zergling x10  
  195  9:21  Baneling x7  
  200  9:26  Spine Crawler  
  200  9:27  Spine Crawler x2  
  200  9:28  Baneling x6, Spine Crawler  
  200  9:29  Baneling  
  196  9:45  Mutalisk x4  
  190  10:06  Infestation Pit  
  185  10:09  Mutalisk  
  185  10:10  Mutalisk x5  
  174  10:22  Zergling x42  
  181  10:33  Hydralisk Den  
  172  10:37  Zergling x16  
  172  10:42  Hive  
  180  10:43  Baneling x7  
  180  10:44  Zergling x12  
  180  10:45  Zergling x12  
  180  10:49  Drone  
  171  11:07  Hydralisk x15  
  171  11:09  Muscular Augments  
  192  11:22  Hydralisk  
  192  11:23  Hydralisk x4, Zerg Missile Weapons Level 1  
  199  11:28  Drone  
  199  11:29  Drone x2  
  193  11:36  Zergling x4  
  193  11:37  Zergling x8  
  193  11:39  Baneling x10  
  199  11:40  Baneling x25  
  199  11:51  Zergling x6  
  194  12:02  Zergling x10  
  194  12:03  Adrenal Glands  
  199  12:12  Hydralisk x6  
  199  12:13  Zergling x12, Grooved Spines  
  192  12:22  Zergling x16  
  195  12:23  Zergling x2  
  188  12:37  Baneling x16  
  188  12:38  Baneling x9  
  188  12:43  Zergling x16  
  188  12:44  Zergling x2  
  196  12:51  Baneling  
  196  12:52  Baneling x7  
  196  12:56  Zergling x8  
  183  13:07  Lurker Den  
  180  13:15  Zergling x14  
  180  13:16  Zergling x32  
  193  13:23  Zerg Missile Weapons Level 2  
  183  13:51  Zergling x6  
  183  13:52  Zergling x16, Hatchery  
  187  14:08  Seismic Spines  
  187  14:09  Lurker x13  
  192  14:17  Lurker x2  
  192  14:18  Hydralisk x3  
  200  14:35  Hydralisk x2  
  196  14:44  Hydralisk x2  
  186  14:53  Hydralisk x6  
  186  14:57  Hydralisk x2  
  198  15:01  Overlord x3  
  198  15:05  Adaptive Talons  
  194  15:09  Hydralisk x2  
  194  15:12  Overlord  
  194  15:13  Hydralisk x3  
  196  15:17  Hydralisk x2  
  196  15:18  Overseer  
  196  15:19  Overlord  
  192  15:23  Hydralisk x3  
  192  15:24  Hydralisk  
  196  15:36  Zergling x8  
  196  15:38  Overseer x2  
  199  15:43  Zerg Flyer Weapons Level 2  
  194  16:00  Hydralisk  
  194  16:01  Hydralisk x4  
  198  16:20  Zergling x2, Hydralisk  
  198  16:21  Zergling x28  
  167  16:26  Hydralisk x9  
  167  16:27  Zergling x8  
  167  16:31  Hydralisk, Queen  
  178  16:38  Lurker x10  
  178  16:39  Hydralisk x5  
  193  16:47  Zergling x6  
  193  16:48  Zergling x6  
  200  17:01  Zergling x2  
  200  17:07  Zerg Missile Weapons Level 3  
  200  17:08  Extractor, Overseer x2  
  199  17:09  Extractor  
  198  17:21  Viper x2  
  185  17:45  Spore Crawler  
  185  17:47  Spore Crawler  
  185  17:48  Spore Crawler  
  185  17:50  Spore Crawler  
  181  17:51  Spore Crawler x2, Spine Crawler  
  181  17:52  Spore Crawler x3, Spine Crawler  
  181  17:53  Corruptor x12  
  181  17:55  Lurker  
  199  18:01  Drone, Spore Crawler, Spine Crawler x2  
  199  18:02  Drone x2, Spore Crawler  
  199  18:04  Lurker  
  199  18:10  Spore Crawler  
  199  18:11  Spore Crawler x2  
  195  18:23  Corruptor x2  
  195  18:25  Lurker  
  179  18:50  Corruptor x3  
  179  18:53  Lurker x5  
  190  18:58  Drone x2  
  190  19:00  Pneumatized Carapace  
  190  19:02  Zerg Flyer Armor Level 1  
  179  19:22  Corruptor x3  
  183  19:27  Viper x2  
  189  19:33  Drone x5  
  189  19:34  Drone  
  192  19:54  Lurker x5  
  179  20:35  Spore Crawler  
  179  20:37  Lurker x4, Spore Crawler  
  179  20:40  Zergling x8  
  179  20:41  Zergling x24  
  197  20:46  Overlord  
  197  20:51  Hatchery  
  196  20:57  Greater Spire  
  195  21:05  Spore Crawler x2  
  195  21:11  Overseer  
  193  21:38  Zergling x14  
  200  21:46  Zerg Ground Armor Level 1  
  199  21:53  Spore Crawler  
  197  21:55  Spore Crawler  
  195  22:07  Hatchery  
  194  22:14  Brood Lord x3  
  168  22:37  Brood Lord x3  
  168  22:41  Zergling x26  
  168  22:42  Zergling x8  
  188  22:46  Corruptor x8  
  198  23:25  Drone x2  
  186  23:28  Extractor  
  175  23:37  Zergling x22  
  175  23:38  Zergling x28  
  183  24:45  Spore Crawler x2  
  181  24:59  Zerg Flyer Armor Level 2, Brood Lord x2  
  185  25:04  Corruptor x5  
  195  25:11  Extractor  
  193  25:28  Spore Crawler  
  193  25:29  Spore Crawler  
  193  25:30  Spine Crawler  
  190  25:46  Infestor x2  
  194  26:08  Corruptor x3  
  200  26:13  Spore Crawler  
  200  26:14  Spine Crawler  
  182  26:53  Brood Lord x3  
  194  27:01  Brood Lord  
  186  27:37  Zerg Flyer Weapons Level 3  
  186  27:44  Viper  
  174  27:48  Zergling x16  
  174  27:53  Zergling x8  
  174  27:54  Zergling x18  
  187  27:59  Zergling x6  
  187  28:00  Zergling x8  
  178  28:46  Zergling x6  
  178  28:47  Zergling x4  
  183  28:50  Zerg Ground Armor Level 2  
  183  28:52  Zergling x14  
  183  28:55  Hatchery  
  187  29:28  Spore Crawler x2  
  187  29:29  Spore Crawler  
  187  29:30  Spore Crawler  
  174  30:09  Brood Lord x2  
  174  30:10  Brood Lord  
  174  30:13  Drone x3  
  174  30:14  Drone x4  
  187  30:15  Spore Crawler  
  187  30:16  Spore Crawler  
  187  30:17  Spore Crawler  
  184  30:26  Corruptor x2  
  187  30:29  Zergling x2  
  187  30:30  Zergling x24, Extractor x2  
  195  31:31  Zerg Flyer Armor Level 3  
  186  32:06  Viper x2  
  183  32:13  Drone x5  
  175  33:01  Drone x11  
  170  33:16  Drone  
  170  33:17  Drone  
  166  33:40  Spore Crawler  
  165  33:44  Corruptor x3  
  164  34:07  Corruptor x4  
  164  34:08  Viper x2  
  165  34:17  Corruptor x2  
  152  35:07  Hatchery  
  151  35:15  Infestor x2  
  152  36:32  Drone x3  
  149  36:54  Zergling x6  
  149  36:55  Zergling x2  
  152  37:14  Drone  
  152  37:15  Drone  
  154  37:25  Corruptor x2  
  157  37:44  Corruptor  
  157  37:50  Corruptor  
  161  38:16  Brood Lord  
  161  38:18  Corruptor  
  160  39:07  Brood Lord  
  153  39:18  Zergling x16  
  153  39:19  Corruptor x2  
  153  39:23  Drone  
  110  40:42  Hydralisk x4  
  80  40:43  Hydralisk  
  52  41:11  Hydralisk  
  53  41:19  Hydralisk  
  55  41:41  Drone  
  55  41:42  Drone x2  
  58  41:51  Lurker  
  58  41:52  Lurker  
  59  42:08  Corruptor  
  61  42:16  Drone x4  
  65  42:29  Lurker  
  59  42:47  Zergling x10  
Tags
 
Add a new tag
Caveats
  • Supply blocks, unpowered buildings, or Contaminate may cause inaccurate times.
  • Supply counts are checked every 10 seconds.